AoeStats
← GreatPerson25

Arabian Desert

508794095Analyzed
1v1 RM · 7d ago on Sep 24, 2026· 25m 0s· 2 players
Game mode
Random Map
Map size
Tiny (2 player)
Population
200
Speed
Normal
Resources
Standard
Victory
Conquest
Starting age
Dark Age
Ending age
Imperial Age
RankedLock teamsTeams togetherTeam positionsShared explorationLock speedFull tech treeHidden civsTurbo modeCheats
Victory
Defeat
🇨🇳 Saracens · China
1735
+14
🇺🇸 Sicilians · United States
1684
-14
GreatPerson25
2:28 Loom
10:06 Feudal Age
12:15 Horse Collar
12:58 Double-Bit Axe
18:24 Town Watch
19:38 Padded Archer Armor
23:18 Castle Age
21:59 Bloodlines
23:54 Scale Barding Armor
25:13 Wheelbarrow
25:05 Chain Barding Armor
はちみ
8:26 Loom
10:57 Feudal Age
11:44 Double-Bit Axe
14:48 Fletching
21:33 Castle Age
19:21 Horse Collar
19:57 Gold Mining
22:10 Bodkin Arrow
21:39 Crossbowman
Connection lost

Rejoining the realm…

Still unreachable

The connection could not be restored.

Session expired

The server has moved on; the page needs a fresh start.